 Dungeon Crawl Stone Soup version 0.27.1-4-g1640c2035a (webtiles) character file.

Game seed: 1656961683770352731

48 Jango the Digger (level 3, -1/31 HPs)
             Began as a Troll Earth Elementalist on Nov 4, 2021.
             Slain by an orc (4 damage)
             ... on level 3 of the Dungeon.
             The game lasted 00:27:30 (2451 turns).

Jango the Digger (Troll Earth Elementalist)         Turns: 2451, Time: 00:27:30

Health: -1/31      AC:  4    Str: 16    XL:     3   Next: 50%
Magic:  1/4        EV: 10    Int: 12    God:
Gold:   67         SH:  0    Dex: 10    Spells: 1/5 levels left

rFire    . . .     SeeInvis .   d - +1 dagger
rCold    . . .     Faith    .   (no shield)
rNeg     . . .     Spirit   .   b - +0 robe
rPois    .         Reflect  .   (helmet restricted)
rElec    .         Harm     .   (no cloak)
rCorr    .         Rampage  .   (gloves unavailable)
Will     .....                  (boots unavailable)
Stlth    +.........             e - amulet of regeneration
HPRegen  2.10/turn              (no ring)
MPRegen  0.09/turn              (no ring)

@: about to teleport
A: large, unfitting armour, claws 3, regeneration 1, shaggy fur 1, tough skin 1
a: no special abilities


You were on level 3 of the Dungeon.
You visited 1 branch of the dungeon, and saw 3 of its levels.

You collected 67 gold pieces.

Inventory:

Hand Weapons
 d - a +1 dagger (weapon)
Missiles
 c - 78 stones
 h - 16 bolts
Armour
 b - a +0 robe (worn)
 f - a +2 ring mail of cold resistance
 j - a +0 plate armour
Jewellery
 e - an amulet of regeneration (around neck)
Scrolls
 l - a scroll of enchant weapon
Potions
 a - a potion of flight
 g - a potion of might
 k - a potion of lignification


   Skills:
 + Level 0.1 Fighting
 + Level 0.2 Short Blades
 + Level 1.9 Dodging
 + Level 1.1 Stealth
 + Level 0.2 Unarmed Combat
 + Level 1.5 Spellcasting
 + Level 0.6 Transmutations
 + Level 3.5 Earth Magic


You had one spell level left.
You knew the following spells:

 Your Spells              Type           Power      Damage    Failure   Level
a - Sandblast             Erth           18%        2d7       7%          1
b - Stone Arrow           Conj/Erth      10%        3d7       38%         3

Your spell library contained the following spells:

 Spells                   Type           Power      Damage    Failure   Level
 Passwall                 Tmut/Erth      4%         N/A       19%         2
 Petrify                  Tmut/Erth      5%         N/A       77%         4


Dungeon Overview and Level Annotations

Branches:
Dungeon (3/15)

Altars:


Innate Abilities, Weirdness & Mutations

You are too large for most types of armour.
You have claws for hands.
Your natural rate of healing is unusually fast.
You are covered in fur. (AC +1)
You have tough skin. (AC +1)


Message History

The blast of sand hits the orc priest.
The orc priest is almost dead.
You completely miss the orc priest.
The orc priest is almost dead.
The orc priest casts a cantrip, but nothing happens.
You barely miss the orc priest.
The orc priest is almost dead.
An orc comes into view. It is wielding a +0 flail.
The orc priest hits you with a +0 mace. The orc barely misses you.
The orc shouts!
You hit the orc priest but do no damage.
The orc priest is almost dead.
The orc priest completely misses you. The orc hits you with a +0 flail.
You closely miss the orc priest.
The orc priest is almost dead.
The orc barely misses you.
You hit the orc.
The orc is heavily wounded.
The orc hits you but does no damage.
You hit the orc but do no damage.
The orc is heavily wounded.
The orc hits you with a +0 flail!
The orc priest hits you but does no damage.
The orc barely misses you.
You hit the orc but do no damage.
The orc is heavily wounded.
The orc hits you with a +0 flail.
The orc priest calls down the wrath of Beogh upon you.
You barely resist. The orc hits you with a +0 flail!
You hit the orc but do no damage.
The orc is heavily wounded.
The orc hits you with a +0 flail.
The orc priest invokes the aid of Beogh against you.
Beogh smites you!
* * * LOW HITPOINT WARNING * * *
The orc misses you.
As you read the scroll of teleportation, it crumbles to dust.
You feel strangely unstable. The orc barely misses you.
The orc priest closely misses you. The orc hits you with a +0 flail.
You die...

#....# ######### #....#
#.......# ##....# #.......#
#.....# #.......# #.....#
#.......###**** ###)....#
#.........#*,,* ....#####
#........##*,,* .#..#
###....###,,,,* #...#
###@.###*,,**,* ....#######
##.ooo#**,,***,*****
##........###....###.,,,,,,,,,,*
###.#####............#,,,,,,,,,*
#..####...........##,,,,,,,,,*
##...#..##..####.>..≈,,,,,,,,*
*##.#.###..#**,...≈♣≈≈,,,,,,*
#..†.#,..##*,,.#.≈≈≈,,,,,,,*
##..##..#..,,,,*##≈≈≈***,****


You could see an orc priest and 2 orcs.

Vanquished Creatures
  2 worms (D:2)
  A bat (D:1)
  6 endoplasms
  2 giant cockroaches
  3 goblins
  6 hobgoblins
  3 quokkas
  2 frilled lizards (D:3)
  6 kobolds
  7 rats
38 creatures vanquished.

Vanquished Creatures (others)
  9 plants (D:3)
9 creatures vanquished.

Grand Total: 47 creatures vanquished

Notes
Turn   | Place    | Note
-------+----------+-------------------------------------------
     0 | D:1      | Jango the Troll Earth Elementalist began the quest for the
                  | Orb.
     0 | D:1      | Reached XP level 1. HP: 16/16 MP: 1/1
   173 | D:1      | Reached skill level 3 in Earth Magic
   208 | D:1      | Reached XP level 2. HP: 24/24 MP: 3/3
   211 | D:1      | Learned a level 2 spell: Passwall
   798 | D:1      | Found a faded altar of an unknown god.
  1798 | D:2      | Reached XP level 3. HP: 31/31 MP: 2/4
  2032 | D:3      | Learned a level 3 spell: Stone Arrow
  2450 | D:3      | HP: 1/31 [orc priest/divine providence (13)]
  2451 | D:3      | Slain by an orc

Illustrated notes

Levels and vault maps discovered:
D:1:      minmay_arrival_four_houses, layout_basic,
          hellmonk_ecumenical_altar_slurped_away
D:2:      layout_rooms, minmay_domino_2
D:3:      layout_rooms, serial_bayou, serial_bayou_pond_d,
          serial_bayou_crossing, serial_bayou_shore_a, serial_bayou_pond_c

Skill      XL: |  1 |
---------------+----+-----
Earth Magic    | 3 |  3.5
Fighting       | |  0.1
Short Blades   | |  0.2
Dodging        | |  1.9
Stealth        | |  1.1
Unarmed Combat | |  0.2
Spellcasting   | |  1.5
Transmutations | |  0.6

Action                   || total
-------------------------++-------
Melee: Unarmed           ||    42
       Dagger            ||    63
       Punch             ||     2
 Cast: Sandblast         ||    21
       Stone Arrow       ||     1
  Use: Scroll            ||    10
 Stab: Sleeping          ||     1
Armor: Robe              ||    31
Dodge: Dodged            ||    44
